 Dungeon Crawl Stone Soup version 0.31-a0-845-g9abc20d24f (webtiles) character file.

Game seed: 10192084681052623123

1008 Phaelo the Cleaver (level 8, -2/46 HPs)
             Began as a Gargoyle Fighter on Oct 2, 2023.
             Slain by an ogre
             ... wielding a +0 giant club
              (8 damage)
             ... on level 5 of the Dungeon.
             The game lasted 00:14:27 (4047 turns).

Phaelo the Cleaver (Gargoyle Fighter)               Turns: 4047, Time: 00:14:28

Health: -2/46      AC: 20    Str: 23    XL:     8   Next: 20%
Magic:  8/8        EV:  8    Int:  8    God:
Gold:   208        SH:  8    Dex:  9    Spells: 7/7 levels left

rFire   . . .        a - +1 war axe (protect)
rCold   . . .        k - +1 kite shield
rNeg    + . .        b - +0 scale mail
rPois   ∞            (no helmet)
rElec   +            u - +0 cloak
rCorr   .            (no gloves)
SInv    .            (no boots)
Will    .....        (no amulet) Stlth
                     (no ring)
HPRegen 0.27/turn    (no ring)
MPRegen 0.11/turn

%: no passive effects
@: under a protective aura
A: sickness immunity, AC +5, negative energy resistance 1, electricity
resistance, torment resistance 1, petrification resistance
a: no special abilities


You were on level 5 of the Dungeon.
You visited 1 branch of the dungeon, and saw 5 of its levels.

You collected 208 gold pieces.

Inventory:

Hand Weapons
 a - a +1 war axe of protection (weapon)
 m - a +0 hand axe
Armour
 b - a +0 scale mail (worn)
 c - a +0 buckler
 k - a +1 kite shield (worn)
 u - a +0 cloak (worn)
Jewellery
 o - a ring of ice
Scrolls
 e - a scroll of enchant armour
 f - 2 scrolls of torment
 h - 3 scrolls of teleportation
 j - a scroll of revelation
 r - a scroll of enchant weapon
Potions
 d - 3 potions of might
 g - 3 potions of curing
 l - a potion of cancellation {unknown}
 n - a potion of magic {unknown}
 p - a potion of degeneration {unknown}
 t - 3 potions of enlightenment


   Skills:
 - Level 3.2 Fighting
 * Level 8.7 Axes
 - Level 3.2 Armour
 - Level 3.2 Shields


You had 7 spell levels left.
You didn't know any spells.
Your spell library contained the following spells:

 Spells                   Type           Power      Damage    Failure   Level
 Apportation              Tloc           0%         N/A       94%         1
 Necrotise                Necr           0%         1d4       94%         1
 Summon Small Mammal      Summ           0%         N/A       94%         1


Dungeon Overview and Level Annotations

Branches:
Dungeon (5/15)
 Temple: D:4-7

Altars:

Shops:
D:1 =

Annotations:
D:5 2 transporters, slavik159's ghost, novice MiHu


Innate Abilities, Weirdness & Mutations

You are immune to sickness and miasma.
Your stone body is resilient. (AC +5)
You are immune to poison.
You resist negative energy. (rN+)
You are resistant to electric shocks. (rElec)
You are resistant to unholy torment.
You are immune to petrification.


Message History

Your weapon exudes an aura of protection.
The hound is severely wounded.
You closely miss the hound. You block the hound's attack.
The hound bites you but does no damage. x2; You block the hound's attack.
You hit the hound.
The hound is almost dead.
You hit the hound. You block the hound's attack. The hound closely misses you.
The hound bites you but does no damage. The hound closely misses you.
You slash the hound!
You kill the hound!
You barely miss the hound. You hit the ogre. You block the ogre's attack.
The hound bites you but does no damage. x2
The ogre closely misses you. You block the hound's attack.
The orc hits you but does no damage.
The hound bites you but does no damage. x2; The ogre attacks as it pursues you!
The ogre hits you with a +0 giant club!!
You slash the ogre!
The ogre is heavily wounded.
You hit the hound but do no damage. You closely miss the orc.
You block the hound's attack.
The orc hits you with a +0 heavy hand axe.
You hit the ogre.
The ogre is heavily wounded.
You miss the hound. You hit the orc. The hound bites you.
You block the ogre's attack. The hound bites you but does no damage.
The orc hits you with a +0 heavy hand axe!
* * * LOW HITPOINT WARNING * * *
Read: scroll of poison
Press: ? - help, Q - select action, (/) - cycle Dir - look around, f - activate You can't see that place. [the floor.]
The air fills with toxic fumes!
As you read the scroll of poison, it crumbles to dust.
The hound bites you but does no damage. You block the ogre's attack.
The hound bites you.
* * * LOW HITPOINT WARNING * * *
The orc hits you but does no damage. The hound attacks as it pursues you!
The hound completely misses you. The ogre hits you with a +0 giant club!
You die...

....# .##...####
........##
#.......#######
####..............
##§§.....##..##..##
######§@####§§§........#
#§§§§§§hO§§§§§§.........
#§§§§§§o.§§§§§§©......†.
#§§§§§§§§#############..
#§§§§§§§§#.W...Z.....#..
#§§§§§§§§#...........#..
#§§§§§§§§#..##...##.$#..
#####§#§§#..#8...8#..#..
#§§§§#..##...##..#..


You could see an ogre, a hound and an orc.

Vanquished Creatures
  Grinder (D:3)
  Sigmund (D:4)
  A water moccasin (D:5)
  An ogre (D:4)
  2 scorpions
  An orc priest (D:2)
  A hound (D:5)
  Jessica (D:2)
  Terence (D:3)
  An iguana (D:2)
  Natasha (thrice) (D:2)
  3 gnolls (D:3)
  2 adders (D:3)
  A worm (D:2)
  3 dart slugs
  5 orcs
  7 endoplasms
  A giant cockroach (D:1)
  3 hobgoblins
  2 kobolds
  5 quokkas
  5 ball pythons
  7 bats
  2 frilled lizards
  6 goblins
  3 rats
69 creatures vanquished.

Notes
Turn   | Place    | Note
-------+----------+-------------------------------------------
     0 | D:1      | Phaelo the Gargoyle Fighter began the quest for the Orb.
     0 | D:1      | Reached XP level 1. HP: 14/14 MP: 1/1
    51 | D:1      | Reached skill level 2 in Axes
   111 | D:1      | Found a faded altar of an unknown god.
   166 | D:1      | Reached XP level 2. HP: 14/19 MP: 2/2
   215 | D:1      | Found Yczy's Jewellery Shop.
   677 | D:1      | Reached skill level 3 in Axes
   859 | D:2      | Reached XP level 3. HP: 11/23 MP: 3/3
  1010 | D:2      | Noticed Natasha
  1013 | D:2      | Killed Natasha
  1014 | D:2      | Reached skill level 4 in Axes
  1014 | D:2      | Reached XP level 4. HP: 28/28 MP: 4/4
  1040 | D:2      | Noticed Jessica
  1053 | D:2      | Noticed Natasha
  1057 | D:2      | Killed Jessica
  1063 | D:2      | Killed Natasha
  1064 | D:2      | Reached XP level 5. HP: 19/32 MP: 5/5
  1086 | D:2      | Noticed Natasha
  1092 | D:2      | Killed Natasha
  1188 | D:2      | Reached skill level 5 in Axes
  1844 | D:3      | Reached XP level 6. HP: 32/37 MP: 6/6
  2155 | D:3      | Noticed Grinder
  2156 | D:3      | Paralysed by Grinder for 3 turns
  2170 | D:3      | Paralysed by Grinder for 5 turns
  2180 | D:3      | Killed Grinder
  2181 | D:3      | Reached skill level 6 in Axes
  2181 | D:3      | Reached XP level 7. HP: 9/41 MP: 7/7
  2589 | D:3      | Noticed Terence
  2596 | D:3      | Killed Terence
  2637 | D:4      | Noticed Sigmund
  2646 | D:4      | Reached skill level 7 in Axes
  2761 | D:4      | Killed Sigmund
  3391 | D:4      | Reached skill level 8 in Axes
  3773 | D:5      | Entered Level 5 of the Dungeon
  3977 | D:5      | Found a transporter.
  4003 | D:5      | Found a transporter.
  4012 | D:5      | Reached XP level 8. HP: 32/46 MP: 8/8
  4027 | D:5      | Noticed slavik159's ghost (novice MiHu)
  4047 | D:5      | Slain by an ogre

Illustrated notes

Levels and vault maps discovered:
D:1:      dpeg_arrival_shrine, layout_basic, serial_shops,
          nicolae_shop_tiny_glass, ebering_ecumenical_altar_petrified,
          roderic_roman_lattice
D:2:      layout_basic, uniq_natasha, uniq_jessica
D:3:      layout_basic, uniq_terence, uniq_grinder
D:4:      layout_basic, minivault_19, serial_bayou_lagoon_a,
          minmay_misc_feat_rugged, uniq_sigmund
D:5:      layout_rooms, gammafunk_ghost_mausoleum, minmay_joined_circles

Skill      XL: |  1  2  3  4  5  6  7 |
---------------+----------------------+-----
Axes           | 2 3 4 5 6 8 |  8.7
Fighting       | |  3.2
Armour         | |  3.2
Shields        | |  3.2

Action                     |  1- 3 |  4- 6 |  7- 9 || total
---------------------------+-------+-------+-------++-------
  Melee: War axe           |    70 |    74 |   157 ||   301
    Use: Scroll            |       |     7 |     7 ||    14
 Armour: Scale mail        |    54 |    61 |    70 ||   185
  Dodge: Dodged            |    45 |    22 |    26 ||    93
  Block: Kite shield       |    28 |    28 |    30 ||    86
         Buckler           |     7 |       |       ||     7

Table legend: (Time is in decaauts)
 A = Elapsed time spent in this place.
 B = Non-inter-level travel time spent in this place.
 C = Inter-level travel time spent in this place.
 D = Time resting spent in this place.
 E = Time spent auto-exploring this place.
 F = Levels seen in this place.
 G = Mean time per level.
                   A        B        C        D        E       F      G
               +--------+--------+--------+--------+--------+-----+--------+
         Total |   4166 |   4143 |     23 |    497 |    605 |   5 |  833.2 |
       Dungeon |   4166 |   4143 |     23 |    497 |    605 |   5 |  833.2 |
               +--------+--------+--------+--------+--------+-----+--------+

Top non-repeatable levels by time:
     D:4: 1270 daAuts
     D:3: 1024 daAuts
     D:2: 983 daAuts
     D:1: 769 daAuts
     D:5: 118 daAuts
